 Dungeon Crawl Stone Soup version 0.28-b1-1-g3c77fb2 (webtiles) character file.

Game seed: 8381184763746631725

817 BALLS the Slasher (level 7, -1/36 HPs)
             Began as a Vine Stalker Fighter on Jan 26, 2022.
             Slain by a two-headed ogre (5 damage)
             ... on level 5 of the Dungeon.
             The game lasted 00:08:50 (3283 turns).

BALLS the Slasher (Vine Stalker Fighter)            Turns: 3283, Time: 00:08:50

Health: -1/36      AC: 16    Str: 20    XL:     7   Next: 94%
Magic:  0/8        EV:  9    Int:  8    God:
Gold:   185        SH:  5    Dex: 14    Spells: 6/6 levels left

rFire   . . .      SeeInvis .   a - +0 long sword
rCold   . . .      Faith    .   c - +0 buckler
rNeg    . . .      Spirit   +   b - +0 scale mail
rPois   .          Reflect  .   (no helmet)
rElec   .          Harm     .   (no cloak)
rCorr   .          Rampage  .   o - +0 pair of gloves
Will    .....                   (no boots)
Stlth   ..........              (no amulet)
HPRegen 0.92/turn               j - +4 ring of protection
MPRegen 0.11/turn               y - +4 ring of protection

@: mighty
A: fangs 2, regeneration 1, magic shield, antimagic bite, no potion heal 2
a: no special abilities


You were on level 5 of the Dungeon.
You visited 1 branch of the dungeon, and saw 5 of its levels.

You collected 185 gold pieces.

Inventory:

Hand Weapons
 a - a +0 long sword (weapon)
Armour
 b - a +0 scale mail (worn)
 c - a +0 buckler (worn)
 o - a +0 pair of gloves (worn)
Jewellery
 j - a +4 ring of protection (left hand)
 y - a +4 ring of protection (right hand)
Wands
 q - a wand of paralysis (6)
 r - a wand of polymorph (15)
Scrolls
 e - 4 scrolls of teleportation {unknown}
 f - a scroll of fog {unknown}
 h - 6 scrolls of identify {unknown}
 i - 2 scrolls of blinking {unknown}
 k - 3 scrolls of magic mapping {unknown}
 n - a scroll of noise {unknown}
 s - 2 scrolls of holy word {unknown}
 u - a scroll of silence {unknown}
 v - 2 scrolls of amnesia {unknown}
 w - a scroll of summoning {unknown}
 x - a scroll of enchant weapon {unknown}
Potions
 g - 3 potions of mutation {unknown}
 l - a potion of heal wounds {unknown}
 m - a potion of attraction {unknown}
 p - a potion of lignification {unknown}
 t - 2 potions of haste {unknown}


   Skills:
 - Level 3.3 Fighting
 + Level 6.7 Long Blades
 - Level 3.6 Armour
 - Level 0.4 Dodging
 - Level 0.6 Stealth
 - Level 3.4 Shields


You had 6 spell levels left.
You didn't know any spells.
Your spell library contained the following spells:

 Spells                   Type           Power      Damage    Failure   Level
 Animate Skeleton         Necr           0%         N/A       85%         1
 Pain                     Necr           0%         1d4       85%         1
 Confusing Touch          Hex            0%         N/A       99%         3
 Conjure Flame            Conj/Fire      0%         6-21      99%         3
 Gell's Gravitas          Tloc           0%         N/A       99%         3
 Ignite Poison            Fire/Tmut/Pois 0%         N/A       99%         3
 Mephitic Cloud           Conj/Pois/Air  0%         N/A       99%         3
 Teleport Other           Tloc           0%         N/A       99%         3
 Vampiric Draining        Necr           0%         2d6       99%         3
 Sticky Flame             Conj/Fire      0%         2d3       100%        4
 Freezing Cloud           Conj/Ice/Air   0%         6-21      100%        5
 Yara's Violent Unravell  Hex/Tmut       0%         3d3       100%        5
 Dispersal                Tloc           0%         N/A       100%        6
 Enfeeble                 Hex            0%         N/A       100%        7


Dungeon Overview and Level Annotations

Branches:
Dungeon (5/15)
 Temple: D:4-7

Altars:
The Shining One

Shops:
D:2 *


Innate Abilities, Weirdness & Mutations

You have extremely sharp teeth.
Your natural rate of healing is unusually fast.
When hurt, damage is shared between your health and your magic reserves.
Your bite disrupts and absorbs the magic of your enemies.
Potions cannot restore your health.


Message History

You now have 180 gold pieces (gained 16).
y - a +4 ring of protection
y - a +4 ring of protection (right hand)
There is a stone staircase leading down here.
v - 2 scrolls labelled GICREJALIGA (gained 1)
You pick up an Everburning Encyclopedia and begin reading...
You add the spells Conjure Flame and Sticky Flame to your library.
You see here a +0 club.
You now have 185 gold pieces (gained 5).
Items here: )) [[.
Okay, then.
You slash the two-headed ogre!
The two-headed ogre is lightly wounded.
You block the two-headed ogre's attack. The two-headed ogre closely misses you.
You hit the two-headed ogre but do no damage.
Your bite misses the two-headed ogre.
The two-headed ogre is lightly wounded.
The two-headed ogre hits you with a +0 giant club!!
Ouch! That really hurt!
The two-headed ogre hits you with a +0 giant club!
* * * LOW HITPOINT WARNING * * *
Items here: )) [[.
You see here a +0 club.
There is a stone staircase leading down here.
You feel very mighty all of a sudden.
The two-headed ogre hits you with a +0 giant club!!
You block the two-headed ogre's attack.
You slash the two-headed ogre!
The two-headed ogre is moderately wounded.
You slash the two-headed ogre! You bite the two-headed ogre!
You drain its power.
You feel invigorated.
The two-headed ogre is severely wounded.
The two-headed ogre hits you with a +0 giant club.
The two-headed ogre hits you with a +0 giant club!
* * * LOW HITPOINT WARNING * * *
You slash the two-headed ogre! You bite the two-headed ogre.
You drain its power.
You feel invigorated.
The two-headed ogre is almost dead.
The two-headed ogre hits you with a +0 giant club!
You die...

########.......#.#...#.#
#.............##..#...<#
#............†.##..###.#
##.............##....##.# ##
#..<..............## #.# .#
#........##..#..#### ... .#
#............#.....# ...
.###.#####'#.#.##.....#######
.....# ###.#.#..@O......#
.....###...#.#####..###.#
###.............>...#...#
..8#..##.....#####.##.###
...#.........# #.##.#
...#..###...[## #.##.#
.#.+..........# #.##.#
#.##..###.....# #....#
...#..# #.....# ######


You could see a two-headed ogre.

Vanquished Creatures
  Edmund (D:5)
  2 phantoms (D:5)
  A scorpion (D:4)
  A water moccasin skeleton (D:5)
  A jelly (D:5)
  A centaur zombie (D:5)
  A bullfrog skeleton (D:4)
  4 iguanas
  A hound skeleton (D:5)
  7 gnolls (D:4)
  5 adders
  2 worms
  3 dart slugs
  6 orcs
  6 endoplasms
  2 giant cockroaches (D:1)
  7 goblins
  6 hobgoblins
  10 jackals
  11 kobolds
  5 quokkas
  7 ball pythons
  6 bats
  10 frilled lizards
  3 rats
109 creatures vanquished.

Vanquished Creatures (others)
  4 plants (D:1)
4 creatures vanquished.

Grand Total: 113 creatures vanquished

Notes
Turn   | Place    | Note
-------+----------+-------------------------------------------
     0 | D:1      | BALLS the Vine Stalker Fighter began the quest for the Orb.
     0 | D:1      | Reached XP level 1. HP: 11/11 MP: 2/2
    52 | D:1      | Reached XP level 2. HP: 16/16 MP: 3/3
   213 | D:1      | Reached skill level 2 in Long Blades
   481 | D:1      | Reached XP level 3. HP: 18/19 MP: 4/4
   522 | D:1      | Found a glowing golden altar of the Shining One.
  1553 | D:2      | Gained mutation: Your natural rate of healing is unusually
                  | fast. [Vine Stalker growth]
  1553 | D:2      | Reached XP level 4. HP: 24/24 MP: 5/5
  1603 | D:2      | Found Nakydi's Assorted Antiques.
  1763 | D:3      | Reached skill level 3 in Long Blades
  2101 | D:3      | Found a faded altar of an unknown god.
  2320 | D:4      | Reached XP level 5. HP: 18/28 MP: 4/6
  2660 | D:4      | Reached XP level 6. HP: 32/32 MP: 5/7
  2689 | D:4      | Reached skill level 4 in Long Blades
  2949 | D:5      | Entered Level 5 of the Dungeon
  2957 | D:5      | Noticed a two-headed ogre
  3117 | D:5      | Noticed Edmund
  3128 | D:5      | Killed Edmund
  3129 | D:5      | Reached skill level 5 in Long Blades
  3129 | D:5      | Reached XP level 7. HP: 35/36 MP: 5/8
  3153 | D:5      | Reached skill level 6 in Long Blades
  3283 | D:5      | Slain by a two-headed ogre

Illustrated notes

Levels and vault maps discovered:
D:1:      lemuel_arrival_rhombus, layout_loops_corners, kennysheep_flooded_box,
          dk_noncrumbling_3, chequers_big_river, minmay_lizard_king
D:2:      layout_basic, serial_shops, shop
D:3:      layout_rooms, dreamdust_ecumenical_altar_hidden_monk_grotto,
          chequers_serial_rivers_room_a, kennysheep_donut,
          minmay_tree_intersection, chequers_serial_rivers_micro_c
D:4:      layout_loops_ring
D:5:      layout_basic, hangedman_abyss_or_decor_slice, minivault_1, uniq_edmund

Skill      XL: |  1  2  3  4  5  6  7 |
---------------+----------------------+-----
Long Blades    | 2 3 5 6 |  6.7
Shields        | 3 |  3.4
Fighting       | 3 |  3.3
Armour         | 3 |  3.6
Dodging        | |  0.4
Stealth        | |  0.6

Action                   |  1- 3 |  4- 6 |  7- 9 || total
-------------------------+-------+-------+-------++-------
Melee: Long sword        |   103 |   180 |    25 ||   308
       Bite              |    19 |    46 |    12 ||    77
  Use: Potion            |       |     1 |     1 ||     2
Armor: Scale mail        |    38 |   100 |     8 ||   146
Dodge: Dodged            |    33 |    78 |    11 ||   122
Block: Buckler           |    22 |    38 |     6 ||    66
